 Dungeon Sprint DCSS version 0.18-a0-1358-gd0e7041 (webtiles) character file.

1672 Reinor the Cruncher (level 8, -3/80 HPs)
             Began as a Minotaur Gladiator on Feb 20, 2016.
             Was an Initiate of Ru.
             Slain by a centaur warrior (6 damage)
             ... in the Dungeon (Sprint I: "Red Sonja").
             The game lasted 00:03:56 (1320 turns).

Reinor the Cruncher (Minotaur Gladiator)            Turns: 1320, Time: 00:03:57

Health: -3/80      AC:  3    Str: 20    XL:     8   Next: 70%
Magic:  7/7        EV: 20    Int:  5    God:    Ru [......]
Gold:   263        SH:  0    Dex: 13    Spells: 0 memorised, 7 levels left

rFire  + . .     SeeInvis .     a - +0 quarterstaff
rCold  . . .     Gourm    .     l - +1 robe {rF+}
rNeg   . . .     Faith    .     (shield currently unavailable)
rPois  .         Spirit   .     c - +0 hat
rElec  .         Dismiss  .     (no cloak)
rCorr  .         Reflect  .     (no gloves)
SustAt .         Harm     .     (no boots)
MR     .....     NoTele   +     (no amulet)
Stlth  +.........               (no ring)
                                (no ring)

@: hasted, very quick, not resistant to hostile enchantments, very unstealthy
A: retaliatory headbutt, horns 2
a: Renounce Religion


You were in the Dungeon.
You worshipped Ru.
Ru was noncommittal.
You were very hungry.

You visited 1 branch You collected 513 gold pieces.
You spent 250 gold pieces at shops.

Inventory:

Hand Weapons
 a - a +0 quarterstaff (weapon)
 n - a +0 blowgun
Missiles
 d - 3 throwing nets (quivered)
 e - 4 curare-tipped needles
Armour
 b - a +0 leather armour
 c - a +0 hat (worn)
 l - a +1 robe of fire resistance (worn)
 o - a +0 shield of fire resistance
Scrolls
 k - a scroll of blinking
 m - a scroll of random uselessness {unknown}
 p - a scroll of identify {unknown}
 q - a scroll of magic mapping {unknown}
Potions
 g - 2 potions of heal wounds
 i - 2 potions of magic
 j - a potion of berserk rage
Comestibles
 f - a bread ration


   Skills:
 + Level 10.3 Fighting
 - Level 14.6 Staves
 + Level 2.0 Throwing
 + Level 0.0 Armour
 + Level 13.6 Dodging


You had 7 spell levels left.
You didn't know any spells.

Dungeon Overview and Level Annotations

Branches:
Dungeon (1/1)

Altars:
Cheibriados
Dithmenos
Elyvilon
Fedhas
Gozag
Kikubaaqudgha
Makhleb
Nemelex Xobeh
Okawaru
Pakellas
Qazlal
Ru
Sif Muna
Trog
Vehumet
Xom
Yredelemnul
Zin
The Shining One
Jiyva

Shops:
D [![


Innate Abilities, Weirdness & Mutations

You reflexively headbutt those who attack you in melee.
You have a pair of horns on your head.


Message History

The centaur warrior unwields an uncursed shortbow.
The centaur warrior hits you.
* * * LOW HITPOINT WARNING * * *
Unknown command.
You hit the centaur warrior. You headbutt the centaur warrior!
The centaur warrior is moderately wounded.
The centaur warrior hits you!
* * * LOW HITPOINT WARNING * * *
The centaur warrior barely misses you. You furiously retaliate!
You headbutt the centaur warrior, but do no damage.
You thump the centaur warrior! You headbutt the centaur warrior.
The centaur warrior is heavily wounded.
The centaur warrior hits you.
* * * LOW HITPOINT WARNING * * *
The centaur warrior completely misses you.
Drink which item? (? for menu, Esc to quit)
You feel yourself speed up. The centaur warrior hits you.
* * * LOW HITPOINT WARNING * * *
The centaur warrior closely misses you. The centaur warrior hits you.
You die...

################
#..').#..'..#__#
'[.#..'..#..'^.+
#####'#####'#__####
####..#...#.####§§#
#__####..##(#≈≈≈§c#
#_.___##'#..+≈§§@§+
#_)∩/..÷..._#§≈§§c#
#_..._##_.#+##§####
#_____###'# #[.[.###
#########.####'###(##
.......'...'.....'(∩#
++++####...##########
##.## #+#


You could see 2 centaur warriors.

Vanquished Creatures
  Sonja (D)
  A deep troll (D)
  A slime creature (D)
  Sigmund (D)
  A yak (D)
  An ogre (D)
  A jelly (D)
  Ijyb (D)
8 creatures vanquished.

Vanquished Creatures (others)
  A gargoyle (D)
1 creature vanquished.

Grand Total: 9 creatures vanquished

Notes
Turn   | Place    | Note
--------------------------------------------------------------
     0 | D        | Reinor the Minotaur Gladiator began the quest for the Orb.
     0 | D        | Reached XP level 1. HP: 18/18 MP: 0/0
     1 | D        | Noticed Ijyb
     9 | D        | Killed Ijyb
     9 | D        | Reached skill level 4 in Fighting
     9 | D        | Reached skill level 5 in Staves
     9 | D        | Reached XP level 2. HP: 17/28 MP: 1/1
   126 | D        | Noticed an ogre
   133 | D        | Killed an ogre
   133 | D        | Reached skill level 6 in Fighting
   133 | D        | Reached skill level 7 in Staves
   133 | D        | Reached XP level 3. HP: 13/38 MP: 2/2
   133 | D        | Reached XP level 4. HP: 15/45 MP: 3/3
   142 | D        | Noticed Sigmund
   168 | D        | Killed Sigmund
   168 | D        | Reached skill level 9 in Fighting
   168 | D        | Reached XP level 5. HP: 11/57 MP: 4/4
   168 | D        | Reached XP level 6. HP: 12/63 MP: 5/5
   429 | D        | Found a deep blue altar of Sif Muna.
   431 | D        | Found a radiant altar of Vehumet.
   441 | D        | Found a snail-covered altar of Cheibriados.
   441 | D        | Found a viscous altar of Jiyva.
   441 | D        | Found a shadowy altar of Dithmenos.
   441 | D        | Found a blossoming altar of Fedhas.
   441 | D        | Noticed a slime creature
   454 | D        | Killed a slime creature
   454 | D        | Reached skill level 10 in Fighting
   454 | D        | Reached skill level 10 in Staves
   666 | D        | Killed a gargoyle
   750 | D        | Found Weufuoje's Distillery.
   750 | D        | Found a white marble altar of Elyvilon.
   750 | D        | Found a stormy altar of Qazlal.
   750 | D        | Found a basalt altar of Yredelemnul.
   750 | D        | Found an iron altar of Okawaru.
   750 | D        | Found a sparkling altar of Nemelex Xobeh.
   750 | D        | Found a shimmering altar of Xom.
   750 | D        | Found an ancient bone altar of Kikubaaqudgha.
   750 | D        | Noticed a yak
   755 | D        | Killed a yak
   755 | D        | Reached skill level 11 in Staves
   755 | D        | Reached skill level 10 in Dodging
   755 | D        | Reached XP level 7. HP: 73/73 MP: 6/6
   756 | D        | Found a burning altar of Makhleb.
   756 | D        | Found a sacrificial altar of Ru.
   756 | D        | Found an oddly glowing altar of Pakellas.
   756 | D        | Found a glowing golden altar of the Shining One.
   756 | D        | Found an opulent altar of Gozag.
   756 | D        | Found a glowing silver altar of Zin.
   757 | D        | Found a bloodstained altar of Trog.
   760 | D        | Became a worshipper of Ru the Awakened
   764 | D        | Bought a potion of curing for 42 gold pieces
   764 | D        | Bought a potion of heal wounds for 70 gold pieces
   770 | D        | Noticed Sonja
   798 | D        | Killed Sonja
   798 | D        | Reached skill level 13 in Staves
   798 | D        | Reached XP level 8. HP: 12/80 MP: 7/7
  1094 | D        | Found Simai's Armour Boutique.
  1102 | D        | Bought a +0 shield of fire resistance for 138 gold pieces
  1120 | D        | Noticed a deep troll
  1130 | D        | Killed a deep troll
  1130 | D        | Reached skill level 14 in Staves
  1140 | D        | Found Gapt's Armour Emporium.
  1314 | D        | Noticed a centaur warrior
  1314 | D        | Noticed a centaur warrior
  1319 | D        | HP: 3/80 [centaur warrior (3)]
  1320 | D        | Slain by a centaur warrior

Vault maps used:
D:        dungeon_sprint_1

Action                   |  1- 3 |  4- 6 |  7- 9 || total
-------------------------+-------+-------+-------++-------
Melee: Quarterstaff      |    14 |    26 |    11 ||    51
       Unarmed           |       |       |     5 ||     5
  Use: Potion            |       |       |     3 ||     3
